 Dungeon Crawl Stone Soup version 0.24.0-13-gcf9b3192b9 (webtiles) character file.

Game seed: 168639188689714108, levelgen mode: deterministic

67 Katsumi the Changer (level 3, -5/15 HPs)
             Began as a Felid Transmuter on Nov 10, 2019.
             Slain by a gnoll
             ... wielding a +0 flail
              (9 damage)
             ... on level 3 of the Dungeon.
             The game lasted 00:02:07 (2476 turns).

Katsumi the Changer (Felid Transmuter)              Turns: 2476, Time: 00:02:07

Health: -5/15      AC:  1    Str:  6    XL:     3   Next: 98%
Magic:  3/7        EV:  9    Int: 15    God:
Gold:   107        SH:  0    Dex: 16    Spells: 3/6 levels left
                                        Lives:  0   Deaths: 0

rFire    . . .     SeeInvis +     - Unarmed
rCold    . . .     Gourm    .   (shield unavailable)
rNeg     . . .     Faith    .   (armour unavailable)
rPois    .         Spirit   .   (helmet unavailable)
rElec    .         Reflect  .   (cloak unavailable)
rCorr    .         Harm     .   (gloves unavailable)
MR       +....                  (boots unavailable)
Stlth    +++.......             (no amulet)
HPRegen  0.05/turn              f - ring of protection from magic
MPRegen  0.10/turn              g - ring of stealth

@: appendage, held, quick
A: very small, no armour, no weapons or thrown items, stealth, claws 1, fangs 3,
horns 2, see invisible, carnivore, speed 1, shaggy fur 1, slow metabolism 1,
sharp paws
a: End Transformation


You were on level 3 of the Dungeon.
You were completely stuffed.
You had grown temporary horns.
You visited 1 branch of the dungeon, and saw 3 of its levels.

You collected 107 gold pieces.

Inventory:

Missiles
 a - 36 arrows
Jewellery
 f - a ring of protection from magic (left paw)
 g - a ring of stealth (right paw)
Scrolls
 b - 3 scrolls of identify
 e - a scroll of enchant armour {unknown}
 h - a scroll of magic mapping {unknown}
 j - a scroll of random uselessness {unknown}
 k - 2 scrolls of enchant weapon {unknown}
 n - a scroll of teleportation {unknown}
 q - 2 scrolls of immolation {unknown}
Potions
 d - a potion of haste
 i - 2 potions of flight {unknown}
 m - a potion of curing {unknown}
 o - a potion of mutation {unknown}
 p - a potion of agility {unknown}
 r - a potion of might {unknown}
 s - a potion of degeneration {unknown}
Comestibles
 c - 4 rations
 l - 2 chunks of flesh


   Skills:
 - Level 1.0 Fighting
 - Level 2.6 Dodging
 - Level 3.0 Unarmed Combat
 - Level 2.0 Spellcasting
 + Level 4.7 Transmutations


You had 3 spell levels left.
You knew the following spells:

 Your Spells              Type           Power        Failure   Level  Hunger
a - Beastly Appendage     Tmut           ###...       3%          1    #......
b - Sticks to Snakes      Tmut           ###.....     4%          2    ###....

Your spell library contained the following spells:

 Spells                   Type           Power        Failure   Level  Hunger
 Spider Form              Tmut/Pois      #.........   26%         3    ###....
 Ice Form                 Ice/Tmut       #.......     63%         4    #####..
 Blade Hands              Tmut           ###.......   65%         5    ######.


Dungeon Overview and Level Annotations

Branches:
Dungeon (3/15)

Altars:
Xom


Innate Abilities, Weirdness & Mutations

You cannot wear armour.
You are incapable of wielding weapons or throwing items.
Your paws allow you to move quietly. (Stealth)
You have sharp claws.
You have razor-sharp teeth.
You have supernaturally acute eyesight. (SInv)
You are carnivorous and can eat meat at any time.
You cover ground quickly.
You are covered in fur. (AC +1)
You have a slow metabolism.
Your sharp claws are effective at attacking unaware monsters.
You have a pair of horns on your head.


Message History

The gnoll misses you.
Your ball python bites the gnoll.
Your ball python constricts the gnoll.
Unknown command.
Unknown command.
You scratch the gnoll.
You kill the gnoll!
The gnoll completely misses you.
The gnoll throws a throwing net.
The throwing net hits you.
You become entangled in the net!
Unknown command.
You struggle against the net.
The gnoll hits you with a +0 flail!
Ouch! That really hurt!
* * * LOW HITPOINT WARNING * * *
Your ball python bites the gnoll.
Your ball python grabs the gnoll.
Your ball python constricts the gnoll.
Unknown command.
You tear a large gash into the net.
Your ball python bites the gnoll but does no damage.
Your ball python constricts the gnoll.
The gnoll hits you with a +0 flail!
Ouch! That really hurt!
You die...

#.## ..# #.###### ...## #.# #.#
....## #.# ##'## # .....# #.#
##...## # .....# ####.# ##.....##
# ...#.# ##.##.###.......# #
#....##########...#.##.รท.......##
...............gS....'.........+.
....g##########g@.#.##.........##
...### ##.##.###.......### .###
####.# ##.....## # .# #.# ##...##
# .# #.# #+## # .# ..# .# ### .#
.#


You could see 2 gnolls and a friendly ball python.

Vanquished Creatures
  A gnoll (D:3)
  An adder (D:3)
  An ooze (D:2)
  A dart slug (D:1)
  A bat (D:1)
  3 giant cockroaches
  9 goblins
  5 hobgoblins
  5 kobolds
  2 quokkas (D:3)
  A ball python (D:1)
  3 frilled lizards (D:2)
  5 rats
38 creatures vanquished.

Vanquished Creatures (collateral kills)
  A giant cockroach (D:3)
1 creature vanquished.

Grand Total: 39 creatures vanquished

Notes
Turn   | Place    | Note
-------+----------+-------------------------------------------
     0 | D:1      | Katsumi the Felid Transmuter began the quest for the Orb.
     0 | D:1      | Reached XP level 1. HP: 9/9 MP: 4/4
   424 | D:1      | Reached skill level 3 in Transmutations
   424 | D:1      | Reached XP level 2. HP: 9/12 MP: 4/6
   484 | D:1      | Learned a level 2 spell: Sticks to Snakes
  1188 | D:2      | Reached XP level 3. HP: 13/15 MP: 5/7
  1253 | D:2      | Reached skill level 4 in Transmutations
  1656 | D:2      | Found a shimmering altar of Xom.
  2476 | D:3      | Slain by a gnoll

Levels and vault maps discovered:
D:1:      nzn_arrival_water_spiral, layout_rooms, serial_bayou_pond_a
D:2:      layout_basic, tgw_xom
D:3:      layout_loops_corners, first_ration

Skill      XL: |  1  2  3 |
---------------+----------+-----
Transmutations | 3 4 |  4.7
Fighting       | |  1.0
Dodging        | |  2.6
Unarmed Combat | |  3.0
Spellcasting   | |  2.0

Action                   || total
-------------------------++-------
Melee: Unarmed           ||    94
       Bite              ||     8
       Headbutt          ||     8
       Punch             ||     1
 Cast: Beastly Appendage ||    27
       Sticks to Snakes  ||     3
  Use: Scroll            ||     1
 Stab: Sleeping          ||     4
  Eat: Chunk             ||    11
Armor: Skin              ||     2
Dodge: Dodged            ||    86
